 Dungeon Crawl Stone Soup version 0.18-a0-1285-g60d00e1 (webtiles) character file.

1355 M4edhros the Covert (level 8, -1/43 HPs)
             Began as an Octopode Artificer on Feb 8, 2016.
             Slain by a black bear (3 damage)
             ... on level 8 of the Dungeon.
             The game lasted 00:07:58 (8877 turns).

M4edhros the Covert (Octopode Artificer)            Turns: 8877, Time: 00:08:03

Health: -1/43      AC:  1    Str: 10    XL:     8   Next: 63%
Magic:  12/12      EV: 11    Int: 16    God:    Xom [......]
Gold:   281        SH:  8    Dex:  9    Spells: 0 memorised, 7 levels left

rFire  . . .     SeeInvis .     x - +10 dagger of Linearity {pain, rN+ Stlth+}
rCold  . . .     Gourm    .     y - +0 shield
rNeg   + . .     Faith    .     (helmet restricted)
rPois  .         Spirit   .     (no amulet)
rElec  .         Dismiss  .     (no ring)
rCorr  .         Reflect  .     (no ring)
SustAt .         Harm     .     (no ring)
MR     .....                    (no ring)
Stlth  +++++++...               (no ring)
                                (no ring)
                                (no ring)
                                (no ring)

@: lethally poisoned (-1 -> -15), starving, invisible, not resistant to hostile
enchantments, extremely stealthy
A: almost no armour, amphibious, 8 rings, constrict 8, camouflage 1, blurry
vision 1, clumsy 2, frail 1, gelatinous body 1
a: Renounce Religion


You were on level 8 of the Dungeon.
You worshipped Xom.
You were a very special plaything of Xom.
You were starving.

You visited 2 branches of the dungeon, and saw 9 of its levels.

You collected 281 gold pieces.

Inventory:

Hand Weapons
 n - a +2 dagger of electrocution
 s - a cursed +2 short sword of venom
 x - the +10 dagger of Linearity (weapon) {pain, rN+ Stlth+}
   (You found it on level 4 of the Dungeon)

   In the hands of one skilled in necromantic magic, it inflicts extra damage on
   living creatures.
   It protects you from negative energy.
   It makes you more stealthy.
 C - a +3 mace of protection
Missiles
 k - 19 sling bullets
Armour
 y - a +0 shield (worn)
Jewellery
 i - a +2 ring of dexterity {unknown}
 p - a +5 ring of dexterity {unknown}
Wands
 b - a wand of flame (10/48)
 c - a wand of enslavement (12/24)
 d - a wand of random effects (4/48)
Scrolls
 f - a scroll of enchant armour {unknown}
 h - a scroll of immolation {unknown}
 l - 3 scrolls of identify {unknown}
 o - 2 scrolls of fog {unknown}
 u - a scroll of magic mapping {unknown}
 v - a scroll of teleportation {unknown}
 B - 3 scrolls of recharging {unknown}
Potions
 e - a potion of agility {unknown}
 j - a potion of beneficial mutation {unknown}
 m - a potion of cancellation {unknown}
 r - 2 potions of haste {unknown}
 w - a potion of lignification {unknown}
 z - a potion of ambrosia {unknown}
 A - a potion of magic {unknown}
Books
 q - a book of Party Tricks

   Spells                             Type                      Level
   a - Summon Butterflies             Summoning                    1
   b - Apportation                    Translocation                1
   c - Tukima's Dance                 Hexes                        3
   d - Alistair's Intoxication        Transmutation/Poison         5
   e - Invisibility                   Hexes                        6
Comestibles
 g - 4 fruits


   Skills:
 - Level 1.0 Fighting
 - Level 1.0 Short Blades
 + Level 5.2 Dodging
 * Level 9.6 Stealth
 + Level 3.5 Shields
 + Level 6.1 Evocations


You had 7 spell levels left.
You didn't know any spells.

Dungeon Overview and Level Annotations

Branches:
Dungeon (8/15)             Temple (1/1) D:5
   Lair: D:8-11

Altars:
Ashenzari
Cheibriados
Dithmenos
Elyvilon
Fedhas
Gozag
Makhleb
Nemelex Xobeh
Okawaru
Pakellas
Qazlal
Ru
Sif Muna
Trog
Vehumet
Xom
Yredelemnul
Zin
The Shining One

Shops:
D:4 ?

Annotations:
D:5 Borgoz's ghost, novice HOAK


Innate Abilities, Weirdness & Mutations

You cannot wear most types of armour.
You are amphibious.
You can wear up to eight rings at the same time.
You can use your tentacles to constrict eight enemies at once.
Your skin changes colour to match your surroundings (Stealth).
Your rubbery body absorbs attacks (AC +1).
Scrolls take you a little longer to read.
You are very clumsy. (Dex -4)
You are frail (-10% HP).


Message History

The orc dies!
Drink which item? (? for menu, Esc to quit)
Okay, then.
* * * LOW HITPOINT WARNING * * *
You feel sick.
* * * LOW HITPOINT WARNING * * *
You feel sick. The orc barely misses you.
Your orc warrior hits the orc wizard with a short sword!!
The orc wizard dies!
* * * LOW HITPOINT WARNING * * *
You feel sick.
Drink which item? (? for menu, Esc to quit)
It was a potion of invisibility.
You fade into invisibility!
* * * LOW HITPOINT WARNING * * *
You feel sick. The black bear bites you.
* * * LOW HITPOINT WARNING * * *
The black bear claws you.
You die... "Boring in life, boring in death..."

.........[....#
..............#
..............#####
...........)......#
..........)..####..
............o.###########
########'####o....#..##<#
#..# #h###.#..##.# ##.#
#.@...#.....#
#####.###...####.####
#.......#..>.....#
#.####.....#.#####
###.#.......##.#
#...........##.#
#.#.#.#.#.####(#
#.#.#.#.#... #.#
#.#.#.#....#.#.#


You could see a black bear, an orc and a friendly orc warrior.

Vanquished Creatures
  A cyclops (D:6)
  A water moccasin (D:6)
  2 ice beasts
  2 ogres
  2 centaurs
  A crimson imp (D:5)
  A giant frog zombie (D:6)
  A hound (D:5)
  An orc wizard (D:8)
  A worker ant (D:5)
  7 gnolls
  6 adders
  2 shadow imps
  An adder skeleton (D:4)
  A worm (D:5)
  2 giant geckos
  8 orcs
  2 giant cockroaches (D:1)
  5 goblins
  5 hobgoblins
  3 jackals (D:1)
  A quokka (D:6)
  A ball python (D:2)
  5 bats
  4 giant newts
  2 kobolds
  2 quokka skeletons (D:5)
  2 rats (D:1)
72 creatures vanquished.

Vanquished Creatures (collateral kills)
  An orc wizard (D:8)
  An orc (D:8)
2 creatures vanquished.

Grand Total: 74 creatures vanquished

Notes
Turn   | Place    | Note
--------------------------------------------------------------
     0 | D:1      | M4edhros the Octopode Artificer began the quest for the Orb.
     0 | D:1      | Reached XP level 1. HP: 13/13 MP: 3/3
   150 | D:1      | Reached XP level 2. HP: 16/18 MP: 4/4
   166 | D:1      | Found a snail-covered altar of Cheibriados.
   670 | D:1      | Reached XP level 3. HP: 23/23 MP: 5/5
  1505 | D:4      | Found Wanoovat's Magic Scroll Shop.
  1524 | D:4      | Found a shadowy altar of Dithmenos.
  1558 | D:4      | Reached XP level 4. HP: 28/28 MP: 6/6
  1603 | D:4      | Reached skill level 4 in Stealth
  1623 | D:4      | Noticed an ice beast
  1729 | D:4      | Killed an ice beast
  1729 | D:4      | Reached skill level 5 in Stealth
  1729 | D:4      | Reached XP level 5. HP: 33/33 MP: 6/8
  1802 | D:4      | Noticed an ogre
  1809 | D:4      | Found a glowing golden altar of the Shining One.
  1814 | D:4      | Found a stormy altar of Qazlal.
  1822 | D:4      | Found an opulent altar of Gozag.
  1835 | D:4      | Found a white marble altar of Elyvilon.
  1838 | D:4      | Found an iron altar of Okawaru.
  1914 | D:4      | Killed an ogre
  1914 | D:4      | Reached skill level 6 in Stealth
  1914 | D:4      | Reached XP level 6. HP: 38/38 MP: 9/9
  2081 | D:4      | Got a shimmering dagger
  2082 | D:4      | Identified the +10 dagger of Linearity {pain, rN+ Stlth+} (You found it on level 4 of the Dungeon)
  2266 | D:4      | Found an oddly glowing altar of Pakellas.
  2282 | D:5      | Entered Level 5 of the Dungeon
  2290 | D:5      | Noticed an ice beast
  2297 | D:5      | Killed an ice beast
  2427 | D:5      | Reached skill level 1 in Shields
  2427 | D:5      | Reached XP level 7. HP: 43/43 MP: 10/10
  2431 | D:5      | Found a staircase to the Ecumenical Temple.
  2431 | D:5      | Noticed Borgoz's ghost (novice HOAK)
  2598 | D:5      | Reached skill level 7 in Stealth
  2619 | D:5      | Reached skill level 5 in Evocations
  3495 | Temple   | Entered the Ecumenical Temple
  3553 | Temple   | Became a worshipper of Xom of Chaos
  5285 | Temple   | XOM: harmless Pois miscast
  5352 | Temple   | XOM: give mutations
  5352 | Temple   | Gained mutation: Scrolls take you a little longer to read. [Xom's mischief]
  5352 | Temple   | Gained mutation: You are clumsy. (Dex -2) [Xom's mischief]
  5352 | Temple   | Gained mutation: You are very clumsy. (Dex -4) [Xom's mischief]
  5352 | Temple   | Gained mutation: You are frail (-10% HP). [Xom's mischief]
  6071 | Temple   | XOM is BORED!
  6071 | Temple   | XOM: medium Air miscast
  6332 | Temple   | XOM: mild Erth miscast
  6476 | Temple   | XOM: harmless Pois miscast
  6625 | Temple   | XOM: medium Chrm miscast
  6872 | Temple   | XOM: silly message
  6881 | Temple   | XOM: cast spell 'Statue Form'
  6894 | Temple   | XOM: divination: detect creatures
  6896 | Temple   | XOM: harmless Pois miscast
  6975 | Temple   | XOM: divination: detect creatures
  7003 | Temple   | XOM: noise
  7835 | D:6      | XOM: mild Divn miscast
  7840 | D:6      | XOM: butterfly on damage
  8444 | D:6      | XOM: 1-stop teleportation journey
  8445 | D:6      | Noticed a cyclops
  8456 | D:6      | Killed a cyclops
  8456 | D:6      | Reached skill level 8 in Stealth
  8456 | D:6      | Reached XP level 8. HP: 19/43 MP: 12/12
  8737 | D:6      | Noticed a vampire
  8739 | D:6      | XOM: harmless Tloc miscast
  8765 | D:6      | Reached skill level 9 in Stealth
  8773 | D:6      | Reached skill level 5 in Dodging
  8864 | D:8      | XOM: divination: detect items
  8867 | D:8      | XOM: blink monster(s)
  8877 | D:8      | HP: 2/43 [black bear (6)]
  8877 | D:8      | Slain by a black bear

Vault maps used:
D:1:      sevenhm_arrival_forest_fort_large_2, columned_hall_lemuel,
          minmay_crystal_room, cheibriados_altar_1
D:2:      grunt_ministairs_12
D:3:      nicolae_overflow_crystal_walls, first_bread
D:4:      minmay_overflow_temple_star_hex, nicolae_overflow_hidden_temple,
          serial_shops, shop
D:5:      minmay_temple_entry_hall
D:6:      makhleb_blood_cavern_becter
D:7:      the_bakery, grunt_ministairs_4, tgw_trog, uniq_menkaure, uniq_duvessa
D:8:      kennysheep_spiral_hall, serial_shops, shop, grunt_dithmenos_smoke,
          uniq_psyche
Temple:   jpeg_temple_clearing_12

Action                   |  1- 3 |  4- 6 |  7- 9 || total
-------------------------+-------+-------+-------++-------
Melee: Short sword       |    37 |       |       ||    37
       Dagger            |    26 |    11 |    71 ||   108
Evoke: Wand              |     1 |    11 |     7 ||    19
  Use: Potion            |       |       |     1 ||     1
 Stab: Sleeping          |    12 |     5 |     7 ||    24
       Paralysed         |       |     2 |       ||     2
  Eat: Chunk             |     2 |     3 |     5 ||    10
       Bread ration      |       |       |     2 ||     2
       Pizza             |       |       |     1 ||     1
       Beef jerky        |       |       |     1 ||     1
